 Dungeon Crawl Stone Soup version 0.28.0 (webtiles) character file.

Game seed: 12612222032450168526

4672 sanka the Nimble (level 10, -6/60 HPs)
             Began as a Deep Elf Transmuter on Feb 8, 2022.
             Was an Initiate of Vehumet.
             Blown up by Joseph (21 damage)
             ... with a mindburst bolt
             ... on level 9 of the Dungeon.
             The game lasted 00:23:42 (16266 turns).

sanka the Nimble (Deep Elf Transmuter)             Turns: 16266, Time: 00:23:42

Health: -6/60      AC:  9    Str:  7    XL:     10   Next: 21%
Magic:  19/33      EV: 16    Int: 23    God:    Vehumet [......]
Gold:   2235       SH:  5    Dex: 15    Spells: 18/25 levels left

rFire   . . .      SeeInvis .   B - +10 whip of Pusk {holy, rElec}
rCold   . . .      Faith    .   (no shield)
rNeg    . . .      Spirit   .   a - +0 robe
rPois   +          Reflect  +   (no helmet)
rElec   +          Harm     .   k - +0 cloak
rCorr   .          Rampage  .   M - +0 pair of gloves
Will    +....                   L - +0 pair of boots
Stlth   ..........              G - amulet of reflection
HPRegen 0.20/turn               x - ring of Lucidity {rPois rC- MP+9 AC+4 Stlth-}
MPRegen 0.23/turn               q - ring of protection from cold

@: no status effects
A: no striking features
a: Renounce Religion


You were on level 9 of the Dungeon.
You worshipped Vehumet.
Vehumet was noncommittal.
You visited 2 branches of the dungeon, and saw 10 of its levels.
You also visited: Ossuary.

You collected 2645 gold pieces.
You spent 410 gold pieces at shops.

Inventory:

Hand Weapons
 m - the +6 mace "Fish" {venom, Stlth+}
   (You found it on level 3 of the Dungeon)

   It poisons the flesh of those it strikes.
   Stlth:     It makes you more stealthy.
 o - the +2 broad axe of Starshine {flame, *Rage Int+3 Dex+5}
   (You bought it in a shop on level 1 of the Dungeon)

   It burns those it strikes, dealing additional fire damage.
   Big, fiery blades are also staple armaments of hydra-hunters.
   Int:       It affects your intelligence (+3).
   Dex:       It affects your dexterity (+5).
   *Rage:     It berserks you when you make melee attacks (+20% chance).
 s - a +0 morningstar
 A - the +7 glaive of Hard Scrabble {drain, +Blink Dex-3 Stlth+}
   (You bought it in a shop on level 1 of the Dungeon)

   A truly terrible weapon, it drains the life of any living foe it strikes.
   Dex:       It affects your dexterity (-3).
   +Blink:    It lets you blink.
   Stlth:     It makes you more stealthy.
 B - the +10 whip of Pusk (weapon) {holy, rElec}
   (You took it off a kobold on level 6 of the Dungeon)

   It has been blessed by the Shining One to cause great damage to the undead
   and demons.
   rElec:     It insulates you from electricity.
Missiles
 N - a throwing net
Armour
 a - a +0 robe (worn)
 k - a +0 cloak (worn)
 L - a +0 pair of boots (worn)
 M - a +0 pair of gloves (worn)
Magical Staves
 p - a staff of air
Jewellery
 h - a ring of willpower
 l - a ring of resist corrosion
 q - a ring of protection from cold (right hand)
 t - a +6 ring of strength
 w - a ring of poison resistance
 x - the ring of Lucidity (left hand) {rPois rC- MP+9 AC+4 Stlth-}
   (You found it on level 5 of the Dungeon)

   [ring of protection]

   AC:        It affects your AC (+4).
   rC:        It makes you vulnerable to cold.
   rPois:     It protects you from poison.
   MP:        It affects your magic capacity (+9).
   Stlth:     It makes you less stealthy.
 G - an amulet of reflection (around neck)
Wands
 u - a wand of mindburst (10)
 O - a wand of digging (7)
Scrolls
 b - 2 scrolls of magic mapping
 c - a scroll of blinking
 e - a scroll of enchant weapon
 g - a scroll of summoning
 j - 6 scrolls of immolation
 y - 4 scrolls of teleportation
 z - 2 scrolls of enchant armour
 C - 3 scrolls of fog
 H - a scroll of amnesia
 I - 2 scrolls of fear {unknown}
Potions
 d - 2 potions of heal wounds {unknown}
 f - a potion of haste
 i - a potion of degeneration {unknown}
 n - 2 potions of brilliance
 r - 2 potions of resistance {unknown}
 v - 2 potions of attraction
 D - 2 potions of magic {unknown}
 E - 2 potions of lignification {unknown}
 F - a potion of flight {unknown}
 J - a potion of mutation {unknown}
 K - a potion of berserk rage {unknown}


   Skills:
 + Level 5.6 Fighting
 - Level 8.2 Dodging
 + Level 4.3 Unarmed Combat
 - Level 8.0 Spellcasting
 - Level 8.0 Conjurations
 - Level 2.1 Transmutations
 - Level 6.0 Earth Magic


You had 18 spell levels left.
You knew the following spells:

 Your Spells              Type           Power      Damage    Failure   Level
a - Beastly Appendage     Tmut           38%        N/A       2%          1
b - Spider Form           Tmut/Pois      14%        N/A       13%         3
c - Stone Arrow           Conj/Erth      82%        3d12      1%          3

Your spell library contained the following spells:

 Spells                   Type           Power      Damage    Failure   Level
 Sandblast                Erth           72%        2d16      1%          1
 Passwall                 Tmut/Erth      23%        N/A       1%          2
 Wereblood                Tmut           19%        N/A       4%          2
 Animate Skeleton         Necr           18%        N/A       7%          1
 Pain                     Necr           36%        1d5       7%          1
 Confusing Touch          Hex            9%         N/A       21%         3
 Vampiric Draining        Necr           9%         2d6       21%         3
 Ice Form                 Ice/Tmut       14%        N/A       41%         4
 Borgnjor's Vile Clutch   Necr/Erth      11%        N/A       50%         5
 Animate Dead             Necr           4%         N/A       56%         4
 Yara's Violent Unravell  Hex/Tmut       7%         3d5       77%         5
 Death Channel            Necr           4%         N/A       100%        6
 Enfeeble                 Hex            4%         N/A       100%        7


Dungeon Overview and Level Annotations

Branches:
Dungeon (9/15)             Temple (1/1) D:7            Lair (0/6) D:9
Ossuary (visited)
    Orc: D:9-12

Altars:
Ashenzari
Cheibriados
Dithmenos
Elyvilon
Fedhas
Gozag
Hepliaklqana
Kikubaaqudgha
Makhleb
Nemelex Xobeh
Okawaru
Qazlal
Ru
Sif Muna
Trog
Uskayaw
Vehumet
Wu Jian
Xom
Yredelemnul
Zin
The Shining One

Shops:
D:1 (

Annotations:
D:9 exclusion: oklob sapling, Joseph


Message History

As you open the door, it creaks loudly!
Joseph, a Mercenary comes into view.
He is wielding a +0 quarterstaff and carrying a wand of mindburst (6).
Joseph shouts!
Joseph unwields a +0 quarterstaff.
Joseph wields a +6 hunting sling.
Joseph shoots a sling bullet.
You reflect the sling bullet off an invisible shield around you!
The sling bullet completely misses Joseph.
Found an escape hatch in the floor.
Joseph says, "I'm happy to see you. And I'll be happy to kill you."
Joseph shoots a sling bullet.
The sling bullet hits you.
There is an open door here.
Okay, then.
The stone arrow hits Joseph!
Joseph is lightly wounded.
Joseph shoots a sling bullet.
The sling bullet hits you!
The stone arrow hits Joseph!!
Joseph is moderately wounded.
Joseph zaps a wand.
Your mind is blasted!
The stone arrow hits Joseph!
Joseph is heavily wounded.
Joseph shoots a sling bullet.
The sling bullet hits you!!
* * * LOW HITPOINT WARNING * * *
You are too injured to fight recklessly!
Okay, then.
Casting: Stone Arrow (safe; 1% risk of failure)
Confirm with . or Enter, or press ? or * to list all spells.
Aiming: Stone Arrow (safe; 1% risk of failure)
Press: ? - help, Shift-Dir - straight line, f/p - Joseph
Aim: Joseph, wielding a +6 hunting sling, wearing a +0 ring mail, quivering sling bullets and carrying a wand of mindburst (5) (heavily wounded, 79% to hit)
The stone arrow hits Joseph!!
Joseph is severely wounded.
Casting: Stone Arrow (safe; 1% risk of failure)
Confirm with . or Enter, or press ? or * to list all spells.
Aiming: Stone Arrow (safe; 1% risk of failure)
Press: ? - help, Shift-Dir - straight line, f/p - Joseph
Aim: Joseph, wielding a +6 hunting sling, wearing a +0 ring mail, quivering sling bullets and carrying a wand of mindburst (5) (severely wounded, 79% to hit)
The stone arrow hits Joseph.
Joseph is almost dead.
Joseph zaps a wand.
Your mind is blasted!
You die...

##.# #######'##
#####'######## ##.#
#............# ####..##
#............# ###..)...#
#............# ##..P(P....
#............# #......P...
#.>...<......###.PPP...P..
#...........@'.......))...
#......<.@...#.P.P..####..
#............#..P...#>.#..
###########'###..P..#[.#..
#.>.....# #.P.P.##)#..
#+####### #...........
.... ##.PP....... .....
#@..P......
......######..P....P.
....@.'..............


You could see Joseph.

Vanquished Creatures
  A two-headed ogre (D:9)
  Prince Ribbit (D:8)
  4 yaks (D:9)
  2 wyverns
  A swamp worm (D:8)
  A water moccasin (D:8)
  An orc warrior (D:9)
  A hornet zombie (D:7)
  An ice beast (D:5)
  A sky beast (D:6)
  4 ogres
  2 necrophages
  2 black bears
  5 centaurs
  A phantom (D:6)
  A gnoll sergeant (D:7)
  2 bullfrogs (D:9)
  3 scorpions
  3 howler monkeys
  A bullfrog zombie (D:5)
  A jelly (D:6)
  3 hounds
  2 centaur zombies (D:5)
  2 orc priests (D:7)
  2 gnoll shamans
  An iguana (D:5)
  An orc wizard (D:5)
  8 mummies (Ossuary)
  A howler monkey zombie (D:8)
  4 adders
  15 gnolls
  A howler monkey skeleton (D:4)
  An ufetubus (D:5)
  5 worms
  2 dart slugs
  14 orcs
  5 bats
  7 endoplasms
  A giant cockroach (D:1)
  6 goblins
  11 hobgoblins
  9 jackals
  7 quokkas
  7 ball pythons
  3 frilled lizards (D:3)
  A hobgoblin zombie (Ossuary)
  5 kobolds
  3 kobold zombies (Ossuary)
  4 orc zombies (Ossuary)
  4 rats
174 creatures vanquished.

Vanquished Creatures (others)
  10 fungi (D:9)
  21 plants
31 creatures vanquished.

Grand Total: 205 creatures vanquished

Notes
Turn   | Place    | Note
-------+----------+-------------------------------------------
     0 | D:1      | sanka the Deep Elf Transmuter began the quest for the Orb.
     0 | D:1      | Reached XP level 1. HP: 11/11 MP: 6/6
   185 | D:1      | Found Uluuruxt's Antique Weapon Shoppe.
   425 | D:1      | Reached XP level 2. HP: 9/16 MP: 7/9
  1878 | D:1      | Found Uluuruxt's Antique Weapon Shoppe.
  2349 | D:2      | Reached XP level 3. HP: 20/20 MP: 9/11
  2492 | D:2      | Reached skill level 5 in Spellcasting
  2680 | D:2      | Learned a level 3 spell: Spider Form
  3170 | D:2      | Found a faded altar of an unknown god.
  4141 | D:3      | Identified the +6 mace "Fish" {venom, Stlth+}
  4260 | D:3      | Reached XP level 4. HP: 15/24 MP: 13/13
  4902 | D:3      | Identified the +10 whip of Pusk {holy, rElec}
  4966 | D:3      | Reached skill level 1 in Fighting
  5279 | D:4      | Noticed a water moccasin
  5527 | D:4      | Noticed an ogre
  5547 | D:4      | Noticed a necrophage
  5577 | D:4      | Killed a necrophage
  5578 | D:4      | Reached XP level 5. HP: 24/31 MP: 15/15
  5593 | D:4      | Killed an ogre
  5594 | D:4      | Reached XP level 6. HP: 9/37 MP: 17/17
  7507 | D:5      | Entered Level 5 of the Dungeon
  7752 | D:5      | Reached skill level 5 in Dodging
  7760 | D:5      | Reached XP level 7. HP: 9/43 MP: 18/18
  8754 | D:5      | Identified the ring of Lucidity {rPois rC- MP+9 AC+4
                  | Stlth-}
  9185 | D:5      | Identified 2 scrolls of acquirement
  9186 | D:5      | Acquired 992 gold pieces
  9188 | D:5      | Acquired 879 gold pieces
  9411 | D:1      | Bought a transparent broad axe for 180 gold pieces
  9411 | D:1      | Identified the +2 broad axe of Starshine {flame, *Rage
                  | Int+3 Dex+5} (You bought it in a shop on level 1 of the
                  | Dungeon)
  9411 | D:1      | Bought a fine glaive for 230 gold pieces
  9411 | D:1      | Identified the +7 glaive of Hard Scrabble {drain, +Blink
                  | Dex-3 Stlth+} (You bought it in a shop on level 1 of the
                  | Dungeon)
  9855 | D:6      | Reached XP level 8. HP: 26/48 MP: 19/19
  9909 | D:5      | Learned a level 3 spell: Stone Arrow
 10064 | D:6      | Found a sand-covered staircase.
 10069 | Ossuary  | Entered an ossuary
 10220 | Ossuary  | Reached skill level 1 in Conjurations
 10220 | Ossuary  | Reached skill level 1 in Earth Magic
 12023 | D:7      | Reached skill level 5 in Conjurations
 12023 | D:7      | Reached skill level 5 in Earth Magic
 12311 | D:7      | Found a staircase to the Ecumenical Temple.
 12320 | Temple   | Entered the Ecumenical Temple
 12537 | Temple   | Became a worshipper of Vehumet
 12909 | D:6      | Reached XP level 9. HP: 44/52 MP: 20/20
 13775 | D:7      | Found a staircase to the Ecumenical Temple.
 14535 | D:8      | Noticed Prince Ribbit
 14586 | D:8      | Killed Prince Ribbit
 15288 | D:9      | Reached skill level 5 in Fighting
 15799 | D:9      | Noticed a two-headed ogre
 15815 | D:9      | Killed a two-headed ogre
 15816 | D:9      | Reached XP level 10. HP: 59/59 MP: 24/24
 15875 | D:9      | Found a staircase to the Lair.
 16164 | D:9      | Found a shimmering altar of Xom.
 16240 | D:9      | Noticed Joseph
 16266 | D:9      | Blown up by Joseph

Illustrated notes

Levels and vault maps discovered:
D:1:      dpeg_arrival_fog, layout_basic, serial_shops, shop, amethyst_killhole,
          minmay_vboxes
D:2:      layout_loops_ring, shapermc_ecumenical_altar_totnotflames,
          serial_bayou, serial_bayou_pond_e, serial_bayou_shore_a,
          serial_bayou_pond_c, serial_bayou_lagoon_b, serial_bayou_shore_b
D:3:      layout_basic, serial_bayou_pond_b
D:4:      layout_basic, sigmund_army
D:5:      layout_layer_cave, serial_rivers, chequers_serial_rivers_micro_b,
          chequers_serial_rivers_marsh, chequers_serial_rivers_large_a,
          chequers_serial_rivers_large_b, chequers_serial_rivers_marsh,
          chequers_serial_rivers_marsh
D:6:      layout_cave_pods, enter_ossuary_5, hangedman_abyss_or_decor_passed
D:7:      layout_loops_ring, lemuel_temple_firewalk_b
D:8:      layout_rooms, worms_lemuel, uniq_prince_ribbit1
D:9:      layout_roguey, dk_xom_monty_hall, grunt_lair_entry_orc_guard_hut,
          introduction_to_nature_2, uniq_joseph
Temple:   mainiacjoe_temple_archimedes_tessellation

Skill      XL: |  1  2  3  4  5  6  7  8  9 10 |
---------------+-------------------------------+-----
Spellcasting   | 4 5 6 8 |  8.0
Fighting       | 2 3 4 5 |  5.6
Dodging        | 3 5 8 |  8.2
Conjurations   | 5 7 8 |  8.0
Earth Magic    | 5 6 |  6.0
Unarmed Combat | 4 |  4.3
Transmutations | |  2.1

Action                   |  1- 3 |  4- 6 |  7- 9 | 10-12 || total
-------------------------+-------+-------+-------+-------++-------
Melee: Unarmed           |   115 |       |       |       ||   115
       Headbutt          |     9 |    12 |     5 |       ||    26
       Kick              |    26 |     8 |    12 |       ||    46
       Mace              |     9 |   120 |    47 |       ||   176
       Punch             |     2 |     2 |     5 |       ||     9
       Glaive            |       |       |    14 |       ||    14
       Broad axe         |       |       |    30 |       ||    30
       Whip              |       |       |    10 |       ||    10
 Cast: Beastly Appendage |    25 |    11 |     4 |       ||    40
       Spider Form       |     5 |       |       |       ||     5
       Stone Arrow       |       |       |   118 |    18 ||   136
Evoke: Wand              |       |       |     3 |       ||     3
  Use: Potion            |       |     1 |     2 |       ||     3
       Scroll            |       |     4 |     9 |       ||    13
 Stab: Sleeping          |     4 |     4 |       |       ||     8
       Distracted        |       |     1 |       |       ||     1
Armor: Robe              |    16 |    15 |    25 |     3 ||    59
Dodge: Dodged            |    68 |    96 |   133 |     9 ||   306
Block: Other             |       |       |     5 |     3 ||     8
       Reflection        |       |       |       |     3 ||     3
